 Dungeon Crawl Stone Soup version bcrawl-1.29.2 (console) character file.

Game seed: 14613280521690549364

96438 GodsVoicemail the Conjurer (level 5, -1/35 HPs)
             Began as a Demonspawn Wizard on Feb 19, 2021.
             Engulfed by a cloud of noxious fumes (3 damage)
             ... on level 4 of the Dungeon.
             The game lasted 00:27:06 (4042 turns).

GodsVoicemail the Conjurer (Demonspawn Wizard)      Turns: 4042, Time: 00:27:07

Health: -1/35      AC:  4    Str:  5 (7)  XL:     5   Next: 7%
Magic:  0/10       EV: 27    Int: 18 (20) God:
Gold:   213        SH:  0    Dex: 10 (12) Spells: 3/11 levels left

rFire    . . .     SeeInvis .   a - +0 falchion
rCold    . . .     Gourm    .   (no shield)
rNeg     . . .     Faith    .   b - +0 robe
rPois    .         Spirit   +   c - +0 hat
rElec    .         Reflect  .   (no cloak)
rCorr    .         Harm     .   l - +1 pair of gloves
MR       .....                  (no boots)
Stlth    +.........             p - amulet of the acrobat
HPRegen  0.11/turn              (no ring)
MPRegen  0.12/turn              (no ring)

@: confused, sluggish, acrobat, very slow
A: powered by death 1, magic shield
a: no special abilities


You were on level 4 of the Dungeon.
You were not hungry.

You visited 1 branch of the dungeon, and saw 4 of its levels.

You collected 213 gold pieces.

Inventory:

Hand Weapons
 a - a +0 falchion (weapon)
 g - a +0 staff
 q - a +1 vampiric hand axe
Armour
 b - a +0 robe (worn)
 c - a +0 hat (worn)
 l - a +1 pair of gloves (worn)
Jewellery
 k - an uncursed amulet of faith
 p - an amulet of the acrobat (around neck)
Scrolls
 i - 3 scrolls of identify
 o - 2 scrolls of enchant armour
 r - a scroll of remove curse
Comestibles
 e - 3 rations {!d}


   Skills:
 - Level 1.7 Dodging
 - Level 2.0 Stealth
 + Level 3.5 Spellcasting
 * Level 4.3 Conjurations
 - Level 1.0 Summonings
 - Level 0.8 Translocations
 - Level 1.0 Poison Magic


You had 3 spell levels left.
You knew the following spells:

 Your Spells              Type           Power        Failure   Level  Hunger
a - Magic Dart            Conj           ###.         2%          1    None
b - Blink                 Tloc           N/A          17%         2    None
c - Mephitic Cloud        Conj/Pois/Air  #.......     22%         3    ####...
e - Call Imp              Summ           #.....       16%         2    None

Your spell library contained the following spells:

 Spells                   Type           Power        Failure   Level  Hunger
 Conjure Flame            Conj/Fire      ##......     19%         3    ####...
 Spider Form              Tmut/Pois      #..          36%         3    ####...


Dungeon Overview and Level Annotations

Branches:
Dungeon (4/12)
 Temple: D:4-7

Altars:
Ashenzari
Elyvilon

Annotations:
D:2 1 runed door
D:3 2 transporters, dcsswall's ghost, amateur OpAc
D:4 Duvessa; Eustachio; Menkaure


Innate Abilities, Weirdness & Mutations

You regenerate a little health from kills.
When hurt, damage is shared between your health and your magic reserves.


Message History

* * * LOW HITPOINT WARNING * * *
Eustachio convulses!
Duvessa says, "I will avenge him!"
The adder completely misses you.
Casting: Mephitic Cloud (safe; 22% risk of failure)
Confirm with . or Enter, or press ? or * to list all spells.
Aiming: Mephitic Cloud (safe; 22% risk of failure)
Press: ? - help, Shift-Dir - straight line That beam is likely to hit you.
Continue anyway?
The ball explodes into a vile cloud!
The stinking cloud engulfs Eustachio but does no damage.
Eustachio is heavily wounded.
The stinking cloud engulfs you but does no damage.
You are engulfed in noxious fumes.
You choke on the stench!
You are confused.
* * * LOW HITPOINT WARNING * * *
Eustachio is engulfed in noxious fumes.
Eustachio appears confused.
The adder misses you.
You are engulfed in noxious fumes.
You die...

#..#######.# ##. #.# #..
#.# ..######.##
.......... .........#
........@# ......○○°#
......○@☼# .......○○#
####.###S# #.###e#
#..##M# ######.##.######
#########.....M..........
..........####.##.#######
............##..#.#


You could see Eustachio (confused), Duvessa, Menkaure and an adder.

Vanquished Creatures
  Dowan (D:4)
  A worker ant (D:4)
  A hound skeleton (D:2)
  An adder (D:4)
  2 oozes
  6 worms
  3 dart slugs
  2 leopard geckos
  2 orcs
  3 giant cockroaches
  6 goblins
  4 hobgoblins
  3 jackals (D:2)
  7 kobolds
  A quokka (D:2)
  9 bats
  5 frilled lizards
  A rat (D:1)
58 creatures vanquished.

Notes
Turn   | Place    | Note
-------+----------+-------------------------------------------
     0 | D:1      | GodsVoicemail the Demonspawn Wizard began the quest for the
                  | Orb.
     0 | D:1      | Reached XP level 1. HP: 13/13 MP: 4/4
   186 | D:1      | Reached skill level 2 in Conjurations
   261 | D:1      | Gained mutation: You regenerate a little health from kills.
                  | [demonic ancestry]
   261 | D:1      | Reached XP level 2. HP: 19/19 MP: 3/6
   478 | D:1      | Learned a level 2 spell: Blink
   481 | D:1      | Learned a level 2 spell: Call Imp
   782 | D:1      | Reached skill level 3 in Conjurations
   833 | D:2      | Reached XP level 3. HP: 24/24 MP: 0/7
   881 | D:1      | Learned a level 3 spell: Mephitic Cloud
  1569 | D:2      | Found a white marble altar of Elyvilon.
  1783 | D:3      | Found a transporter.
  1813 | D:3      | Noticed an ogre
  1814 | D:3      | Noticed dcsswall's ghost (amateur OpAc)
  1816 | D:3      | Identified the +5 dire flail of Gloom {venom, rElec Str+6}
  1816 | D:3      | Noticed an ogre
  1817 | D:3      | Found a transporter.
  2525 | D:3      | Reached XP level 4. HP: 30/30 MP: 2/8
  2801 | D:2      | Reached skill level 1 in Poison Magic
  2837 | D:2      | Found a runed door.
  3875 | D:4      | Noticed Eustachio
  3964 | D:4      | Noticed Duvessa
  3967 | D:4      | Noticed Dowan
  3968 | D:4      | Noticed Menkaure
  3977 | D:4      | Killed Dowan
  3978 | D:4      | Reached skill level 4 in Conjurations
  3983 | D:4      | Gained mutation: When hurt, damage is shared between your
                  | health and your magic reserves. [demonic ancestry]
  3983 | D:4      | Reached XP level 5. HP: 20/35 MP: 0/10
  4027 | D:4      | Found a shattered altar of Ashenzari.
  4041 | D:4      | HP: 1/35 [cloud of noxious fumes (2)]
  4042 | D:4      | Engulfed by a cloud of noxious fumes

Skill      XL: |  1  2  3  4 |
---------------+-------------+-----
Conjurations   | 2 3 4 |  4.3
Poison Magic   | 1 |  1.0
Dodging        | |  1.7
Stealth        | |  2.0
Spellcasting   | |  3.5
Summonings     | |  1.0
Translocations | |  0.8

Action                   |  1- 3 |  4- 6 || total
-------------------------+-------+-------++-------
Melee: Staff             |     4 |       ||     4
       Falchion          |    13 |    26 ||    39
 Cast: Magic Dart        |   120 |    41 ||   161
       Mephitic Cloud    |       |     4 ||     4
Evoke: Wand              |       |     6 ||     6
  Use: Scroll            |     2 |     5 ||     7
       Potion            |       |     6 ||     6
 Stab: Paralysed         |       |     7 ||     7
  Eat: Chunk             |     7 |     5 ||    12
       Ration            |       |     1 ||     1
Armor: Robe              |     5 |    10 ||    15
Dodge: Dodged            |    13 |    47 ||    60
